 Dungeon Crawl Stone Soup version 0.17-a0-2098-gf59d6bc (webtiles) character file.

63263 4thArraOfDagon the Bludgeoner (level 15, -4/149 HPs)
             Began as an Ogre Hunter on Oct 17, 2015.
             Was the Champion of Cheibriados.
             Slain by a wolf spider (19 damage)
             ... on level 2 of the Spider Nest.
             The game lasted 01:01:21 (8724 turns).

4thArraOfDagon the Bludgeoner (Ogre Hunter)         Turns: 8724, Time: 01:01:22

Health: -4/149     AC:  8    Str: 35 (36) XL:     15   Next: 9%
Magic:  24/24      EV: 24    Int: 30      God:    Cheibriados [******]
Gold:   391        SH:  0    Dex: 25      Spells: 5 memorised, 7 levels left

rFire  . . .     SeeInvis .     h - +9 dire flail "Cymyabbu" {freeze, MR+}
rCold  . . .     Clarity  .     P - +2 robe {rN+}
rNeg   + + .     SustAt   .     (no shield)
rPois  +         Gourm    .     (helmet restricted)
rElec  .         Spirit   .     g - +2 cloak
rCorr  +         Warding  .     (gloves unavailable)
rMut   .         Stasis   .     (boots unavailable)
MR     +++..                    W - amulet of resist corrosion
Stlth  ++........               V - ring "Luamali" {rPois rN+}
                                F - +3 ring of evasion

@: studying Charms, very slow, extremely resistant to hostile enchantments,
unstealthy
A: unfitting armour, blink, magic resistance 1, tough skin 1, MP-powered wands
a: Blink, Bend Time, Temporal Distortion, Slouch, Step From Time, Renounce
Religion


You were on level 2 of the Spider Nest.
You worshipped Cheibriados.
Cheibriados was exalted by your worship.
You were not hungry.

You visited 4 branches of the dungeon, and saw 26 of its levels.
You also visited: Labyrinth, Ossuary, Ice Cave and Volcano.

You collected 1823 gold pieces.
You spent 1432 gold pieces at shops.

Inventory:

Hand Weapons
 a - a +0 blowgun
 d - a +4 morningstar of flaming
 h - the +9 dire flail "Cymyabbu" (weapon) {freeze, MR+}
   (You acquired it on level 11 of the Dungeon)

   It has been specially enchanted to freeze those struck by it, causing extra
   injury to most foes and up to half again as much damage against particularly
   susceptible opponents.
   It can also slow down cold-blooded creatures.
   It affects your resistance to hostile enchantments.
 t - the +6 great mace of the Girdle {crush, rC+}
   (You took it off a minotaur in a labyrinth)

   It inflicts extra damage upon your enemies.
   It protects you from cold.
 y - a +4 dire flail of flaming
Missiles
 T - a large rock (quivered)
Armour
 g - a +2 cloak (worn)
 j - a +1 large shield of fire resistance
 P - a +2 robe of positive energy (worn)
 R - a +0 robe of fire resistance
Jewellery
 F - a +3 ring of evasion (left hand)
 K - an uncursed ring of ice
 U - an uncursed ring of teleportation
 V - the ring "Luamali" (right hand) {rPois rN+}
   (You bought it in a shop on level 4 of the Orcish Mines)

   [ring of poison resistance]

   It protects you from poison.
   It protects you from negative energy.
 W - an amulet of resist corrosion (around neck)
Wands
 b - a wand of confusion (20)
 c - a wand of digging (10)
 p - a wand of lightning (12)
 r - a wand of paralysis (7)
 s - a wand of cold (5)
 B - a wand of paralysis (3)
 D - a wand of digging (12)
 E - a wand of fire (4)
 I - a wand of enslavement (8)
 L - a wand of cold (4)
 Z - a wand of polymorph (11)
Scrolls
 i - 5 scrolls of teleportation
 k - 4 scrolls of magic mapping
 o - 3 scrolls of noise
 C - a scroll of brand weapon
 G - 6 scrolls of remove curse
 H - 2 scrolls of summoning
 J - 4 scrolls of enchant armour
 X - a scroll of immolation
 Y - a scroll of enchant weapon
Potions
 l - a potion of lignification
 m - 5 potions of poison {unknown}
 n - 4 potions of agility {unknown}
 q - 4 potions of brilliance {unknown}
 w - a potion of heal wounds
 x - 2 potions of curing
 z - 2 potions of ambrosia
 A - 2 potions of degeneration {unknown}
 N - 2 potions of might
 Q - 2 potions of resistance
Books
 u - a manual of Charms
Miscellaneous
 v - a disc of storms
 M - a sack of spiders {used: 2}
 O - a lantern of shadows
Comestibles
 e - 9 bread rations
 f - 2 meat rations


   Skills:
 - Level 10.1 Fighting
 - Level 20.0 Maces & Flails
 - Level 4.0 Throwing
 + Level 11.0 Dodging
 - Level 0.7 Stealth
 - Level 5.0 Spellcasting
 * Level 5.3 Translocations
 - Level 12.4 Invocations
 - Level 2.4 Evocations


You had 7 spell levels left.
You knew the following spells:

 Your Spells              Type           Power        Failure   Level  Hunger
a - Cure Poison           Pois           #.........   12%         2    None
b - Apportation           Tloc           #####.....   1%          1    None
c - Passage of Golubria   Tloc           N/A          8%          4    ###....
d - Phase Shift           Tloc           #####.....   21%         5    #####..
e - Silence               Hex/Air        #.........   99%         5    #####..


Dungeon Overview and Level Annotations

Branches:
Dungeon (12/15)            Temple (0/1) D:4            Lair (8/8) D:8
  Swamp (0/4) Lair:3       Spider (2/4) Lair:6          Orc (4/4) D:11
    Elf (0/3) Orc:4
  Slime: Lair:6-8

Altars:
Ashenzari
Cheibriados
Kikubaaqudgha
Ru
Sif Muna
Xom
Zin

Shops:
D:5 *   D:9 *   Orc:4 (=*[

Annotations:
D:7 Joseph
D:8 4thArraOfDagon's ghost, novice TrSu; Maurice
Lair:3 SWAMP
Spider:1 Asterion


Innate Abilities, Weirdness & Mutations

You are too large for most types of armour.
You have tough skin (AC +1).
You can translocate small distances at will.
You are resistant to hostile enchantments.
You expend magic power (3 MP) to strengthen your wands.


Message History

The wolf spider hits you!!
* * * LOW HITPOINT WARNING * * *
The wolf spider closely misses you.
Unknown command.
You hit the wolf spider. You freeze the wolf spider.
The wolf spider is lightly wounded.
The wolf spider misses you. The wolf spider bites you!
* * * LOW HITPOINT WARNING * * *
Unknown command.
You puncture the wolf spider! You freeze the wolf spider.
The wolf spider is moderately wounded.
The wolf spider hits you.
* * * LOW HITPOINT WARNING * * *
The wolf spider closely misses you.
Unknown command.
Unknown command.
You hit the wolf spider. You freeze the wolf spider.
The wolf spider is heavily wounded.
The wolf spider hits you!!
You die...

### ###.#
##.@## ##.s.#
###....### ..
#^...††..#
...##....†#.##
..^.(.....###
...#...<..#
..........##
...........#


You could see a wolf spider.

Vanquished Creatures
  A frost giant (IceCv)
  An orc warlord (Orc:4)
  A ghost moth (Spider:2)
  An emperor scorpion (Spider:1)
  A minotaur (Lab)
  Josephine (Orc:2)
  2 hydras
  An entropy weaver (Spider:2)
  3 catoblepae (Lair:8)
  17 death yaks
  An orc high priest (Orc:4)
  A lindwurm (Orc:4)
  4 hill giants
  A cyclops (Orc:2)
  3 wolf spiders (Spider:2)
  5 orc sorcerers (Orc:4)
  2 orc knights (Orc:4)
  2 griffons (Lair:8)
  A sphinx skeleton (Volcano)
  A moth of wrath (Spider:2)
  3 black mambas
  An elephant (D:8)
  A gargoyle (D:11)
  8 spiny frogs
  A torpor snail (Spider:1)
  2 demonic crawlers (Spider:1)
  2 trolls
  2 komodo dragons (Lair:4)
  A jumping spider (Spider:1)
  23 polar bears
  A slime creature (D:11)
  A minotaur skeleton (Volcano)
  7 blink frogs
  2 two-headed ogres
  6 trapdoor spiders
  10 redbacks
  A flying skull (Volcano)
  28 yaks
  4 wraiths
  2 tarantellas (Spider:1)
  3 hill giant zombies (D:11)
  2 vampires (Volcano)
  22 wolves
  2 hill giant skeletons (Volcano)
  2 hippogriffs
  Menkaure (Volcano)
  4 wargs
  3 porcupines
  3 merfolk skeletons (Volcano)
  8 water moccasins
  A sky beast (D:11)
  2 ice beasts (D:11)
  A necrophage (D:11)
  4 phantoms
  11 ogres
  21 orc warriors
  A centaur (D:7)
  7 crocodiles
  8 giant frogs
  A scorpion (D:7)
  2 troll zombies (D:11)
  A troll skeleton (Volcano)
  6 killer bees (D:11)
  A spriggan skeleton (Volcano)
  15 orc wizards
  3 crimson imps
  A wasp zombie (D:11)
  3 giant frog zombies
  15 orc priests
  6 hounds
  2 two-headed ogre skeletons (Volcano)
  A giant frog skeleton (D:11)
  4 worker ants
  An iguana (Lair:5)
  20 sheep
  3 ogre zombies (D:11)
  An ogre skeleton (Volcano)
  2 big kobold zombies (Ossuary)
  A hound zombie (D:7)
  7 mummies
  A worker ant zombie (D:7)
  3 adders
  16 river rats
  A shadow imp (D:9)
  2 oozes
  2 adder skeletons
  A worm (D:2)
  3 giant geckos
  103 orcs
  3 bats
  A giant cockroach (D:1)
  2 goblins
  2 hobgoblins
  5 kobolds
  3 quokkas
  2 giant gecko zombies (D:7)
  2 giant newts (D:2)
  A goblin skeleton (D:11)
  5 goblin zombies (D:11)
  2 hobgoblin skeletons (D:11)
  5 hobgoblin zombies (D:11)
  4 jackals
  4 kobold zombies (Ossuary)
  An orc skeleton (D:11)
  13 orc zombies
  4 rats
  2 plants (Lair:8)
551 creatures vanquished.

Vanquished Creatures (others)
  A wolf spider (Spider:2)
  A redback (Spider:2)
  4 fungi (Orc:4)
  A plant (Lair:8)
7 creatures vanquished.

Grand Total: 558 creatures vanquished

Notes
Turn   | Place    | Note
--------------------------------------------------------------
     0 | D:1      | 4thArraOfDagon the Ogre Hunter began the quest for the Orb.
     0 | D:1      | Reached XP level 1. HP: 22/22 MP: 1/1
   148 | D:2      | Found a shattered altar of Ashenzari.
   150 | D:2      | Reached skill level 1 in Maces & Flails
   150 | D:2      | Reached XP level 2. HP: 29/31 MP: 2/2
   151 | D:2      | Found a deep blue altar of Sif Muna.
   153 | D:2      | Found a snail-covered altar of Cheibriados.
   156 | D:2      | Found an ancient bone altar of Kikubaaqudgha.
   156 | D:2      | Found a shimmering altar of Xom.
   163 | D:2      | Became a worshipper of Cheibriados the Contemplative
   312 | D:2      | Reached XP level 3. HP: 7/37 MP: 3/3
   640 | D:4      | Noticed a phantom
   767 | D:3      | Reached * piety under Cheibriados
   774 | D:3      | Reached XP level 4. HP: 48/48 MP: 4/4
   958 | D:4      | Found a staircase to the Ecumenical Temple.
  1047 | D:4      | Found a sand-covered staircase.
  1053 | Ossuary  | Entered an ossuary
  1110 | Ossuary  | HP: 2/48 [mummy (5)]
  1126 | Ossuary  | Reached XP level 5. HP: 4/55 MP: 5/5
  1413 | Ossuary  | Reached skill level 5 in Maces & Flails
  1475 | D:4      | Killed a phantom
  1475 | D:4      | Reached skill level 5 in Fighting
  1475 | D:4      | Reached skill level 6 in Maces & Flails
  1475 | D:4      | Reached XP level 6. HP: 47/66 MP: 6/6
  1604 | D:5      | Entered Level 5 of the Dungeon
  1655 | D:5      | Found Zin's Purification Station.
  1658 | D:5      | Found a glowing silver altar of Zin.
  1718 | D:6      | Reached ** piety under Cheibriados
  1733 | D:6      | Found a sacrificial altar of Ru.
  1769 | D:6      | Reached skill level 1 in Invocations
  1929 | D:7      | Reached skill level 7 in Maces & Flails
  1929 | D:7      | Reached XP level 7. HP: 58/74 MP: 8/8
  1958 | D:7      | :(
  2103 | D:7      | Reached skill level 8 in Maces & Flails
  2136 | D:7      | Reached XP level 8. HP: 76/84 MP: 8/10
  2143 | D:7      | Reached *** piety under Cheibriados
  2389 | D:7      | Noticed Joseph
  2442 | D:8      | Noticed a hill giant
  2455 | D:8      | Killed a hill giant
  2455 | D:8      | Reached skill level 9 in Maces & Flails
  2455 | D:8      | Reached skill level 1 in Evocations
  2513 | D:8      | Noticed an elephant
  2532 | D:8      | Noticed Maurice
  2562 | D:9      | Reached XP level 9. HP: 93/93 MP: 12/12
  2666 | D:10     | Entered Level 10 of the Dungeon
  2727 | D:10     | Reached **** piety under Cheibriados
  2727 | D:10     | Reached skill level 10 in Maces & Flails
  2782 | D:10     | Learned a level 2 spell: Cure Poison
  2803 | D:10     | :(
  2803 | D:10     | no regen
  2867 | D:9      | Found Dyorr's Assorted Antiques.
  2871 | D:9      | Bought a scroll labeled MONNAY ALUADI for 27 gold pieces
  2871 | D:9      | Bought a scroll labeled TUOTU XACEDD for 27 gold pieces
  2871 | D:9      | Bought a scroll labeled ZAWKOK LYOF for 27 gold pieces
  2871 | D:9      | Bought a scroll labeled LOEPUJYPRORR for 27 gold pieces
  2871 | D:9      | Bought a copper ring for 135 gold pieces
  2897 | D:8      | Noticed 4thArraOfDagon's ghost (novice TrSu)
  3026 | D:9      | Bought a scroll of magic mapping for 94 gold pieces
  3050 | D:11     | Got an encrusted dire flail
  3051 | D:11     | Identified the +9 dire flail "Cymyabbu" {freeze, MR+} (You acquired it on level 11 of the Dungeon)
  3131 | D:11     | Reached skill level 5 in Invocations
  3136 | D:11     | Noticed a hill giant
  3144 | D:11     | Killed a hill giant
  3144 | D:11     | Reached skill level 11 in Maces & Flails
  3144 | D:11     | Reached skill level 5 in Dodging
  3144 | D:11     | Reached XP level 10. HP: 106/106 MP: 14/14
  3186 | D:11     | Noticed a gargoyle
  3198 | D:11     | Killed a gargoyle
  3331 | D:11     | Found a staircase to the Orcish Mines.
  3365 | D:11     | Reached skill level 12 in Maces & Flails
  3400 | D:11     | Reached ***** piety under Cheibriados
  3482 | D:11     | Noticed a hill giant
  3487 | D:11     | Killed a hill giant
  3695 | D:11     | Reached skill level 10 in Fighting
  3738 | Orc:1    | Entered Level 1 of the Orcish Mines
  3828 | Orc:1    | Reached skill level 13 in Maces & Flails
  3952 | Orc:2    | Reached XP level 11. HP: 99/117 MP: 16/16
  4009 | Orc:2    | Noticed a cyclops
  4021 | Orc:2    | Killed a cyclops
  4056 | Orc:2    | Reached ****** piety under Cheibriados
  4064 | Orc:2    | Noticed Josephine
  4072 | Orc:2    | Killed Josephine
  4072 | Orc:2    | Reached skill level 14 in Maces & Flails
  4327 | Orc:3    | :(
  4373 | Orc:4    | Entered Level 4 of the Orcish Mines
  4415 | Orc:4    | Noticed an orc knight
  4422 | Orc:4    | Noticed an orc warlord
  4422 | Orc:4    | Killed an orc knight
  4678 | Orc:4    | Noticed an orc knight
  4689 | Orc:4    | Killed an orc knight
  4699 | Orc:4    | Found Ryewk's Antique Weapon Shoppe.
  4723 | Orc:4    | Reached skill level 15 in Maces & Flails
  4780 | Orc:4    | Noticed a lindwurm
  4780 | Orc:4    | Found a dark tunnel.
  4792 | Orc:4    | Killed a lindwurm
  4799 | Volcano  | Entered a volcano
  4832 | Volcano  | Reached XP level 12. HP: 124/126 MP: 18/18
  4981 | Volcano  | Noticed Menkaure
  4984 | Volcano  | Killed Menkaure
  5222 | Orc:4    | Killed an orc warlord
  5302 | Orc:4    | Reached skill level 16 in Maces & Flails
  5306 | Orc:4    | Found Engyklej's Antique Armour Emporium.
  5349 | Orc:4    | Noticed an orc high priest
  5354 | Orc:4    | Killed an orc high priest
  5367 | Orc:4    | Found a staircase to the Elven Halls.
  5388 | Orc:4    | Found Azuhopi's General Store.
  5435 | Orc:4    | Found Ogro's Jewellery Boutique.
  5443 | Orc:4    | Bought a cursed ring of teleportation for 203 gold pieces
  5443 | Orc:4    | Bought the ring "Luamali" {rPois rN+} for 436 gold pieces
  5460 | Orc:4    | Bought a potion of heal wounds for 55 gold pieces
  5460 | Orc:4    | Bought a scroll of magic mapping for 38 gold pieces
  5460 | Orc:4    | Bought a scroll of identify for 22 gold pieces
  5460 | Orc:4    | Bought a potion of curing for 33 gold pieces
  5501 | Orc:4    | Bought an uncursed amulet of resist corrosion for 280 gold pieces
  5501 | Orc:4    | Bought a cursed -6 ring of protection for 28 gold pieces
  5578 | D:10     | Noticed a hill giant
  5586 | D:10     | Killed a hill giant
  5696 | D:8      | Killed an elephant
  5696 | D:8      | Reached skill level 10 in Invocations
  5759 | D:8      | Found a staircase to the Lair.
  5770 | Lair:1   | Entered Level 1 of the Lair of Beasts
  5920 | Lair:3   | Found a frozen archway.
  5929 | IceCv    | Entered an ice cave
  5991 | IceCv    | Reached skill level 17 in Maces & Flails
  6075 | IceCv    | Reached XP level 13. HP: 102/133 MP: 20/20
  6308 | IceCv    | Reached skill level 18 in Maces & Flails
  6371 | IceCv    | Noticed a frost giant
  6490 | IceCv    | Killed a frost giant
  6657 | Lair:4   | Found a labyrinth entrance.
  6675 | Lab      | Entered a labyrinth
  6795 | Lab      | Noticed a minotaur
  6811 | Lab      | Killed a minotaur
  6811 | Lab      | Reached skill level 10 in Dodging
  6830 | Lab      | Got a warped great mace {crush}
  6834 | Lab      | Identified the +6 great mace of the Girdle {crush, rC+} (You took it off a minotaur in a labyrinth)
  6839 | Lab      | Identified the Disquisition on Supportive Orientation (You found it in a labyrinth)
  6844 | Lab      | Learned a level 1 spell: Apportation
  6849 | Lab      | Learned a level 4 spell: Passage of Golubria
  6851 | Lab      | Gained mutation: You are resistant to hostile enchantments. [potion of mutation]
  6851 | Lab      | Gained mutation: You can translocate small distances at will. [potion of mutation]
  6851 | Lab      | Gained mutation: You expend magic power (3 MP) to strengthen your wands. [potion of mutation]
  6974 | Lair:5   | Reached skill level 1 in Spellcasting
  7011 | Lair:5   | Reached skill level 1 in Translocations
  7200 | Lair:8   | Entered Level 8 of the Lair of Beasts
  7210 | Lair:8   | Reached XP level 14. HP: 116/143 MP: 16/22
  7289 | Lair:8   | Learned a level 5 spell: Phase Shift
  7317 | Lair:7   | Reached skill level 19 in Maces & Flails
  7354 | Lair:7   | Learned a level 5 spell: Silence
  7618 | Lair:8   | HP: 6/143 [death yak (21)]
  8131 | Lair:6   | Found a hole to the Spider Nest.
  8155 | Spider:1 | Entered Level 1 of the Spider Nest
  8253 | Spider:1 | Noticed an emperor scorpion
  8261 | Spider:1 | Killed an emperor scorpion
  8274 | Spider:1 | Reached skill level 5 in Spellcasting
  8345 | Spider:1 | Noticed an emperor scorpion
  8380 | Spider:1 | Noticed Asterion
  8569 | Spider:2 | Killed a ghost moth
  8600 | Spider:2 | Reached skill level 20 in Maces & Flails
  8628 | Spider:2 | Reached XP level 15. HP: 91/149 MP: 17/24
  8640 | Spider:2 | Reached skill level 5 in Translocations
  8724 | Spider:2 | Slain by a wolf spider

Vault maps used:
D:1:      minmay_arrival_four_circles, serial_forest,
          infiniplex_forest_clump_curved, infiniplex_forest_end_double,
          infiniplex_forest_straight_5, infiniplex_forest_clump_diagonal,
          infiniplex_forest_lined_2, infiniplex_forest_straight_3,
          infiniplex_forest_straight_3, infiniplex_forest_corner_2,
          hangedman_abyss_or_decor_stabs
D:2:      grunt_temple_overflow_open, first_bread
D:3:      minmay_strange_pillars
D:4:      temple_doors_e, nicolae_ossuary_entry_plus
D:5:      zin_purify, serial_shops, shop, nicolae_shop_waterfront,
          bloody_makhleb, uniq_duvessa, uniq_pikel
D:6:      hangedman_ru_absence, serial_shops, shop, tgw_kikubaaqudgha
D:7:      uniq_joseph
D:8:      minmay_distorted_concentric_squares, david_lair_generic,
          uniq_prince_ribbit1, uniq_maurice
D:9:      serial_shops, shop
D:10:     hangedman_ranch
D:11:     zombieorc2_lemuel
D:12:     hex_tiny, grunt_qazlal_sundering
Lair:3:   swamp_mist_pool, portal_ice_cave_entry_pillars_03, minmay_holes,
          uniq_gastronok
Lair:4:   lab_entry_generic, lemuel_fruit_tree
Lair:5:   beast_lair_carwin_large_1
Lair:6:   spider_nest_entry_web_field
Lair:7:   minmay_slime_entry_oklob_open, grunt_megastairs_2
Lair:8:   evilmike_catoblepas_cave, infiniplex_staircase_pool
Spider:1: uniq_asterion
Spider:2: spiders_nest_scorpion_pit, uniq_azrael
Orc:2:    uniq_josephine
Orc:3:    nicolae_orc_pool_cavern
Orc:4:    grunt_orc_gardens, grunt_orc_garden, grunt_orc_garden,
          grunt_orc_garden, grunt_orc_garden, nicolae_volcano_entry_vermiform
Lab:      labyrinth_spiral, nicolae_lab_t_cross, nicolae_lab_stuck,
          labyrinth_skeletal_remains
Ossuary:  ossuary_crypta
IceCv:    ice_cave_caverns_01
Volcano:  volcano_tomb

Action                   |  1- 3 |  4- 6 |  7- 9 | 10-12 | 13-15 || total
-------------------------+-------+-------+-------+-------+-------++-------
Melee: Short sword       |    40 |       |       |       |       ||    40
       Club              |    47 |       |       |       |       ||    47
       Flail             |       |   104 |   174 |       |       ||   278
       Morningstar       |       |     8 |       |       |       ||     8
       Dire flail        |       |       |    11 |   531 |   513 ||  1055
Throw: Large rock        |    26 |       |       |     2 |     1 ||    29
       Throwing net      |     5 |       |       |       |       ||     5
       Javelin           |       |     2 |     5 |     2 |     3 ||    12
 Cast: Apportation       |       |       |       |       |    15 ||    15
       Cure Poison       |       |       |       |       |     5 ||     5
       Passage of Golubr |       |       |       |       |     2 ||     2
Invok: Bend Time         |       |       |     1 |     1 |       ||     2
       Slouch            |       |       |     1 |     3 |     6 ||    10
       Temporal Distorti |       |       |       |     1 |     2 ||     3
 Abil: Evoke Teleportati |       |       |       |       |     2 ||     2
Evoke: Wand              |       |       |     2 |     8 |     3 ||    13
       Sack of spiders   |       |       |       |       |     4 ||     4
       Deck              |       |       |       |       |     2 ||     2
  Use: Scroll            |     2 |     8 |     7 |     6 |     7 ||    30
       Potion            |       |     1 |     6 |     4 |     9 ||    20
 Stab: Sleeping          |     2 |       |     3 |     7 |     2 ||    14
       Held in net/web   |     2 |       |       |       |       ||     2
       Paralysed         |       |       |     3 |       |       ||     3
       Distracted        |       |       |       |     2 |     1 ||     3
  Eat: Beef jerky        |       |     1 |       |       |     2 ||     3
       Chunk             |       |       |     2 |     5 |     1 ||     8
       Fruit             |       |       |     1 |     2 |     5 ||     8
       Pizza             |       |       |       |     1 |       ||     1
       Royal jelly       |       |       |       |       |     2 ||     2
